 Dungeon Crawl Stone Soup version 0.29-a0-495-g17b79114eb (webtiles) character file.

Game seed: 4621093614811430631

27 Hubjo the Firebug (level 2, -2/16 HPs)
             Began as a Deep Elf Fire Elementalist on May 27, 2022.
             Slain by Terence
             ... wielding a +0 flail
              (5 damage)
             ... on level 2 of the Dungeon.
             The game lasted 00:02:11 (1909 turns).

Hubjo the Firebug (Deep Elf Fire Elementalist)      Turns: 1909, Time: 00:02:12

Health: -2/16      AC:  5    Str:  5    XL:     2   Next: 93%
Magic:  1/8        EV: 12    Int: 19    God:
Gold:   65         SH:  0    Dex: 15    Spells: 6/7 levels left

rFire   . . .      SeeInvis .   (no weapon)
rCold   . . .      Faith    .   (no shield)
rNeg    . . .      Spirit   .   a - +0 robe
rPois   .          Reflect  .   (no helmet)
rElec   .          Harm     .   h - +2 cloak
rCorr   .          Rampage  .   (no gloves)
Will    .....                   (no boots)
Stlth   ++........              (no amulet)
HPRegen 0.05/turn               (no ring)
MPRegen 0.11/turn               (no ring)

@: very slightly contaminated
A: no striking features
a: no special abilities


You were on level 2 of the Dungeon.
You visited 1 branch of the dungeon, and saw 2 of its levels.

You collected 65 gold pieces.

Inventory:

Armour
 a - a +0 robe (worn)
 h - a +2 cloak (worn)
Scrolls
 e - a scroll of poison {unknown}
 f - 2 scrolls of identify {unknown}
 g - 2 scrolls of brand weapon {unknown}
 i - a scroll of fear {unknown}
 j - a scroll of noise {unknown}
Potions
 b - a potion of magic
 c - a potion of haste {unknown}
 d - a potion of resistance {unknown}
 k - a potion of lignification {unknown}
 l - a potion of ambrosia {unknown}


   Skills:
 * Level 1.2 Fighting
 - Level 2.4 Dodging
 + Level 3.0 Stealth
 + Level 3.4 Spellcasting
 - Level 1.1 Conjurations
 + Level 3.5 Fire Magic


You had 6 spell levels left.
You knew the following spells:

 Your Spells              Type           Power      Damage    Failure   Level
a - Foxfire               Conj/Fire      48%        2x1d6     5%          1

Your spell library contained the following spells:

 Spells                   Type           Power      Damage    Failure   Level
 Scorch                   Fire           32%        2d6       4%          2
 Slow                     Hex            12%        N/A       14%         1
 Conjure Flame            Conj/Fire      12%        6-21      17%         3
 Ensorcelled Hibernation  Hex/Ice        6%         N/A       22%         2
 Passwall                 Tmut/Erth      2%         N/A       22%         2
 Inner Flame              Hex/Fire       10%        N/A       22%         3
 Confusing Touch          Hex            3%         N/A       41%         3
 Swiftness                Air            3%         N/A       41%         3
 Vampiric Draining        Necr           3%         2d6       41%         3
 Flame Wave               Conj/Fire      12%        2d6       50%         4


Dungeon Overview and Level Annotations

Branches:
Dungeon (2/15)

Altars:

Annotations:
D:2 Terence


Message History

Your foxfire dissipates!
Terence the Incautious comes into view.
He is wielding a +0 flail.
The goblin shouts!
The foxfire hits the goblin.
The goblin is heavily wounded.
You conjure some foxfire!
Terence closely misses you.
The foxfire hits the goblin.
You kill the goblin!
Your Stealth skill increases to level 3!
You miscast Foxfire.
Nothing appears to happen.
The foxfire hits Terence.
Terence is lightly wounded.
Terence misses you.
You conjure some foxfire!
Terence hits you with a +0 flail!
You conjure some foxfire!
The foxfire hits Terence.
Terence is moderately wounded.
The foxfire hits Terence but does no damage.
Terence is moderately wounded.
Terence closely misses you.
You conjure some foxfire!
The foxfire hits Terence.
Terence is severely wounded.
Terence barely misses you.
You hit Terence but do no damage.
Terence is severely wounded.
The foxfire hits Terence but does no damage.
Terence is severely wounded.
The foxfire hits Terence.
Terence is severely wounded.
The foxfire hits Terence but does no damage.
Terence is severely wounded.
Terence hits you with a +0 flail.
* * * LOW HITPOINT WARNING * * *
Unknown command.
Casting: Foxfire (safe; 5% risk of failure)
Confirm with . or Enter, or press ? or * to list all spells.
You don't know that spell.
Unknown command.
Casting: Foxfire (safe; 5% risk of failure)
Confirm with . or Enter, or press ? or * to list all spells.
You conjure some foxfire!
Terence hits you with a +0 flail.
You die...

#.....# .. #####.# ...
#.# #.# #.# #.#
#####.## #.##
##.##...## #..##
##....#.#.######...####
...............§vv..[.+
##.....##.######@).####
##.##.#.## #@.##
####..## #.## ## #.##
#.# .# #.# ... .# #.#
#.# .# #.# #.# .# #.#
#.# .# #.#


You could see Terence (ally target).

Vanquished Creatures
  5 bats
  3 endoplasms
  2 giant cockroaches
  A goblin (D:2)
  3 hobgoblins
  A kobold (D:1)
  A quokka (D:1)
  4 ball pythons
  3 frilled lizards
  A rat (D:1)
24 creatures vanquished.

Vanquished Creatures (others)
  154 foxfires
154 creatures vanquished.

Grand Total: 178 creatures vanquished

Notes
Turn   | Place    | Note
-------+----------+-------------------------------------------
     0 | D:1      | Hubjo the Deep Elf Fire Elementalist began the quest for
                  | the Orb.
     0 | D:1      | Reached XP level 1. HP: 10/10 MP: 6/6
   659 | D:1      | Reached XP level 2. HP: 16/16 MP: 4/8
  1195 | D:1      | Reached skill level 1 in Fighting
  1901 | D:2      | Noticed Terence
  1909 | D:2      | Slain by Terence

Illustrated notes

Levels and vault maps discovered:
D:1:      ebering_hopf_link, layout_loops_cross, minmay_misc_feat_encased,
          chequers_serial_rivers_room_b
D:2:      layout_loops_corners, uniq_terence, uniq_sigmund, uniq_jessica

Skill      XL: |  1  2 |
---------------+-------+-----
Fighting       | 1 |  1.2
Stealth        | 3 |  3.0
Dodging        | |  2.4
Spellcasting   | |  3.4
Conjurations   | |  1.1
Fire Magic     | |  3.5

Action                   || total
-------------------------++-------
Melee: Unarmed           ||     3
 Cast: Foxfire           ||   106
Armor: Robe              ||     5
Dodge: Dodged            ||    19

Table legend: (Time is in decaauts)
 A = Elapsed time spent in this place.
 B = Non-inter-level travel time spent in this place.
 C = Inter-level travel time spent in this place.
 D = Time resting spent in this place.
 E = Time spent auto-exploring this place.
 F = Levels seen in this place.
 G = Mean time per level.
                   A        B        C        D        E       F      G
               +--------+--------+--------+--------+--------+-----+--------+
         Total |   1911 |   1878 |     33 |      0 |   1672 |   2 |  955.5 |
       Dungeon |   1911 |   1878 |     33 |      0 |   1672 |   2 |  955.5 |
               +--------+--------+--------+--------+--------+-----+--------+

Top non-repeatable levels by time:
     D:1: 1293 daAuts
     D:2: 618 daAuts
